 Dungeon Crawl Stone Soup version 0.29-a0-993-g4a18f31a58 (webtiles) character file.

Game seed: 11557256974742447570

52 kae the Insei (level 3, 0/29 HPs)
             Began as a Demonspawn Monk on Aug 2, 2022.
             Slain by a gnoll
             ... wielding a +0 spear
              (4 damage)
             ... on level 1 of the Dungeon.
             The game lasted 00:00:54 (1673 turns).

kae the Insei (Demonspawn Monk)                     Turns: 1673, Time: 00:00:55

Health: 0/29       AC:  2    Str: 11    XL:     3   Next: 60%
Magic:  3/3        EV: 12    Int: 11    God:
Gold:   65         SH:  0    Dex: 17    Spells: 2/2 levels left

rFire   . . .      SeeInvis .     - Unarmed
rCold   . . .      Faith    .   j - +0 buckler
rNeg    . . .      Spirit   .   a - +0 robe
rPois   .          Reflect  .   (no helmet)
rElec   .          Harm     .   (no cloak)
rCorr   .          Rampage  .   (no gloves)
Will    .....                   (no boots)
Stlth   +.........              (no amulet)
HPRegen 0.09/turn               (no ring)
MPRegen 0.08/turn               (no ring)

@: confused, ambrosia-drunk
A: demonic magic 1
a: no special abilities


You were on level 1 of the Dungeon.
You visited 1 branch of the dungeon, and saw 2 of its levels.

You collected 65 gold pieces.


Innate Abilities, Weirdness & Mutations

Spells you cast may paralyse adjacent enemies.


   Skills:
 - Level 3.0 Fighting
 - Level 2.6 Dodging
 - Level 1.7 Stealth
 + Level 4.2 Unarmed Combat


You had 2 spell levels left.
You didn't know any spells.
Your spell library was empty.

Inventory:

Missiles
 e - 18 stones (quivered)
Armour
 a - a +0 robe (worn)
 j - a +0 buckler (worn)
   (You found it on level 1 of the Dungeon)
Scrolls
 c - a scroll of identify {unknown}
 f - a scroll of teleportation {unknown}
 g - a scroll of noise {unknown}
 i - a scroll of fog {unknown}
Potions
 d - a potion of heal wounds {unknown}
 h - a potion of attraction {unknown}
 k - a potion of lignification {unknown}

Dungeon Overview and Level Annotations

Branches:
Dungeon (2/15) Zot: 10329

Altars:
Trog

........# #.## #.#.#...#.#.#
.†#####.# #.# #.#.#.#####.# ###
#.####.### #...#.......#
#........# #############
######.#.# #.# #.#.# #.# ##.#.#
#.# ####....#########.########
#........@g.......#.......
#.##....#####...###.######
#.###.#.# #..#.# #.# #.###.#.#
#....###.## ## #####.......#
##.#.###...####. ####.....###.###
#...............
.....###.##...####..#####...##.##
###### #.##.........# ##.###.#
#)##...#####.#####..# #.#


You could see a gnoll.


Message History

You block the ball python's attack. The ball python barely misses you.
The ball python grabs you. The ball python constricts you.
You hit the ball python.
You kill the ball python!
No target in view!
No target in view!
No target in view!
There is a stone staircase leading up here.
You see here a quokka skeleton.
You start waiting.
A gnoll comes into view. It is wielding a +0 spear.
A gnoll comes into view. It is wielding a +0 halberd.
Unknown command.
A gnoll comes into view. It is wielding a +0 flail.
The gnoll shouts!
The gnoll throws a throwing net.
The throwing net closely misses you.
There is a stone staircase leading up here.
You see here a quokka skeleton.
The gnoll shouts!
You hear a shout!
The gnoll closely misses you.
You climb upwards.
There is a stone staircase leading down here.
You hit the gnoll. The gnoll hits you with a +0 flail!
You hit the gnoll but do no damage. The gnoll misses you. 😕 HP[-7]
You take 7 damage, and now have 22/29 hp.
MASSIVE DAMAGE!! (PAUSE)
You hit the gnoll. The gnoll barely misses you.
You hit the gnoll. The gnoll misses you.
Unknown command.
You hit the gnoll but do no damage. The gnoll completely misses you.
Unknown command.
You barely miss the gnoll. You block the gnoll's attack.
You barely miss the gnoll. The gnoll barely misses you.
You hit the gnoll. The gnoll barely misses you.
You barely miss the gnoll.
The gnoll hits you with a +0 flail. 😮 HP[-6]
You take 6 damage, and now have 16/29 hp.
MASSIVE DAMAGE!! (PAUSE)
You hit the gnoll.
The gnoll completely misses you. 😮 HP[+1] Unknown command.
You hit the gnoll but do no damage. The gnoll misses you.
You hit the gnoll.
You kill the gnoll!
Things that are here:
a +0 flail; a gnoll corpse
Things that are here:
a +0 flail; a gnoll corpse You start resting. 😕 HP[+7]
You regained 7 hp, and now have 24/29 hp.
There is a stone staircase leading down, spattered with blood here.
You start resting. 😎 HP[+5]
Your hp is fully restored (29).
You climb downwards.
There is a stone staircase leading up here.
You see here a quokka skeleton.
There is a stone staircase leading up here.
You see here a quokka skeleton.
The gnoll hits you with a +0 spear! You block the gnoll's attack.
You climb upwards.
There is a stone staircase leading down, spattered with blood here. 😮 HP[-10]
You take 10 damage, and now have 19/29 hp.
MASSIVE DAMAGE!! (PAUSE)
You hit the gnoll but do no damage. The gnoll hits you with a +0 spear.
* * * LOW HITPOINT WARNING * * *
😨 HP[-6]
You take 6 damage, and now have 13/29 hp.
MASSIVE DAMAGE!! (PAUSE)
You barely miss the gnoll. The gnoll hits you with a +0 spear.
* * * LOW HITPOINT WARNING * * *
😨 HP[-2]
You take 2 damage, and now have 11/29 hp.
You completely miss the gnoll. The gnoll closely misses you.
Unknown command.
You hit the gnoll. The gnoll barely misses you. 😨 HP[+1]
You hit the gnoll but do no damage.
Unknown command.
You hit the gnoll. The gnoll hits you with a +0 spear!
* * * LOW HITPOINT WARNING * * *
😱 HP[-7]
You take 7 damage, and now have 5/29 hp.
MASSIVE DAMAGE!! (PAUSE)
You closely miss the gnoll. The gnoll hits you with a +0 spear.
* * * LOW HITPOINT WARNING * * *
😱 HP[-4]
You take 4 damage, and now have 1/29 hp.
You hit the gnoll. The gnoll barely misses you.
Unknown command.
You barely miss the gnoll. The gnoll barely misses you.
You are confused.
You feel invigorated. The gnoll hits you with a +0 spear.
* * * LOW HITPOINT WARNING * * *
You bump into the rock wall.
The gnoll hits you with a +0 spear.
You die...

Skill      XL: |  1  2  3 |
---------------+----------+-----
Unarmed Combat | 3 4 |  4.2
Fighting       | |  3.0
Dodging        | |  2.6
Stealth        | |  1.7

Action                   || total
-------------------------++-------
Melee: Unarmed           ||   109
       Punch             ||     1
  Use: Potion            ||     1
 Stab: Sleeping          ||     9
       Distracted        ||     1
Armor: Robe              ||    12
Dodge: Dodged            ||    61
Block: Buckler           ||    11

Levels and vault maps discovered:
D:1:      onia_arrival_mini_maze, layout_loops_ring,
          hellmonk_ecumenical_altar_arch_garden, minmay_misc_feat_rows
D:2:      layout_rooms, basic_altar

Notes
Turn   | Place    | Note
-------+----------+-------------------------------------------
     0 | D:1      | kae the Demonspawn Monk began the quest for the Orb.
     0 | D:1      | Reached XP level 1. HP: 18/18 MP: 1/1
     0 | D:1      | magus.rc [v1.11.3]
   259 | D:1      | Reached skill level 3 in Unarmed Combat
   361 | D:1      | Gained mutation: Spells you cast may paralyse adjacent
                  | enemies. [demonic ancestry]
   361 | D:1      | Reached XP level 2. HP: 24/24 MP: 2/2
   656 | D:1      | Found a faded altar of an unknown god.
  1182 | D:2      | Found a bloodstained altar of Trog.
  1189 | D:2      | Reached XP level 3. HP: 29/29 MP: 3/3
  1237 | D:2      | Reached skill level 4 in Unarmed Combat
  1240 | D:2      | HP: 6/29 [quokka (4)]
  1668 | D:1      | HP: 5/29 [gnoll/+0 spear (7)]
  1669 | D:1      | HP: 1/29 [gnoll/+0 spear (4)]
  1673 | D:1      | Slain by a gnoll

Vanquished Creatures
  An adder (D:2)
  A gnoll (D:1)
  2 dart slugs (D:1)
  3 endoplasms
  A giant cockroach (D:1)
  A goblin (D:1)
  3 hobgoblins (D:1)
  3 kobolds (D:1)
  A quokka (D:2)
  3 ball pythons
  3 bats
  2 frilled lizards
  7 rats (D:1)
31 creatures vanquished.

Table legend:
 A = Non-vault XP
 B = Vault XP
 C = Vault XP percentage of total XP
 D = Non-vault monster count
 E = Vault monster count
 F = Vault count percentage of total count
                 A         B        C        D         E       F
            +---------+---------+-------+---------+---------+-------
      Total |      73 |       2 |   2.7 |      29 |       2 |   6.5
            +---------+---------+-------+---------+---------+-------
        D:1 |      51 |       2 |   3.8 |      23 |       2 |   8.0
        D:2 |      22 |       0 |   0.0 |       6 |       0 |   0.0
            +---------+---------+-------+---------+---------+-------

Illustrated notes

Table legend:
 A = Kills in this place as a percentage of kills in entire the game.
 B = Kills by you in this place as a percentage of kills by you in the entire game.
 C = Kills by friends in this place as a percentage of kills by friends in the entire game.
 D = Other kills in this place as a percentage of other kills in the entire game.
 E = Experience gained in this place as a percentage of experience gained in the entire game.
 F = Experience gained in this place divided by the number of levels of this place that you have seen.
                   A       B       C       D       E      F
               +-------+-------+-------+-------+-------+----------------------
         Total | 100.0 | 100.0 |   N/A |   N/A | 100.0 |  37.5
       Dungeon | 100.0 | 100.0 |   N/A |   N/A | 100.0 |  37.5
               +-------+-------+-------+-------+-------+----------------------

Table legend: (Time is in decaauts)
 A = Elapsed time spent in this place.
 B = Non-inter-level travel time spent in this place.
 C = Inter-level travel time spent in this place.
 D = Time resting spent in this place.
 E = Time spent auto-exploring this place.
 F = Levels seen in this place.
 G = Mean time per level.
                   A        B        C        D        E       F      G
               +--------+--------+--------+--------+--------+-----+--------+
         Total |   1669 |   1611 |     58 |    218 |   1118 |   2 |  834.5 |
       Dungeon |   1669 |   1611 |     58 |    218 |   1118 |   2 |  834.5 |
               +--------+--------+--------+--------+--------+-----+--------+

Top non-repeatable levels by time:
     D:1: 1545 daAuts
     D:2: 123 daAuts
